 Dungeon Crawl Stone Soup version 0.31-a0-321-g19405a7a6a (webtiles) character file.

Game seed: 9302053429301274572

1008 cforsyth the Ruffian (level 8, 0/62 HPs)
             Began as a Vampire Shapeshifter on July 18, 2023.
             Was an Initiate of Nemelex Xobeh.
             Slain by a centaur (5 damage)
             ... on level 6 of the Dungeon.
             The game lasted 00:08:06 (5230 turns).

cforsyth the Ruffian (Vampire Shapeshifter)         Turns: 5230, Time: 00:08:06

Health: 0/62       AC:  2    Str: 16    XL:     8   Next: 1%
Magic:  8/8        EV: 12    Int: 10    God:    Nemelex Xobeh [......]
Gold:   331        SH:  0    Dex: 15    Spells: 7/7 levels left

rFire   . .          .
                       - Unarmed
rCold   . . .        (no shield)
rNeg    . . .        a - +0 animal skin
rPois   .            (helmet currently unavailable)
rElec   .            (cloak currently unavailable)
rCorr   .            (gloves currently unavailable)
SInv    +            (boots currently unavailable)
Will    .....        (no amulet)
Stlth   +            (no ring)
HPRegen 0.50/turn    (no ring)
MPRegen 0.11/turn

%: no passive effects
@: beast-form, healing quickly
A: beast (slay +4), alive, fangs 3, see invisible, vampiric 2
a: Exsanguinate, Begin Untransformation, Renounce Religion, Draw Escape, Draw
Destruction, Draw Summoning


You were on level 6 of the Dungeon.
You worshipped Nemelex Xobeh.
Nemelex Xobeh was noncommittal.
You were a hulking beast.
You visited 2 branches of the dungeon, and saw 7 of its levels.
You also visited: Sewer.

You collected 331 gold pieces.

Inventory:

Missiles
 v - a throwing net
Armour
 a - a +0 animal skin (worn)
 l - a +0 helmet
Jewellery
 t - an amulet of regeneration
Talismans
 c - a beast talisman
Wands
 r - a wand of paralysis (3)
 w - a wand of flame (11)
Scrolls
 b - a scroll of brand weapon {unknown}
 d - a scroll of fog {unknown}
 e - 8 scrolls of identify {unknown}
 g - 4 scrolls of teleportation {unknown}
 m - 2 scrolls of amnesia {unknown}
 q - a scroll of immolation {unknown}
 s - 2 scrolls of enchant armour {unknown}
 u - a scroll of poison {unknown}
Potions
 f - a potion of curing
 h - a potion of haste {unknown}
 i - a potion of mutation {unknown}
 j - 3 potions of enlightenment
 k - 5 potions of heal wounds
 n - a potion of berserk rage {unknown}
 o - a potion of invisibility {unknown}
 p - a potion of magic {unknown}


   Skills:
 + Level 5.2 Fighting
 - Level 2.1 Dodging
 + Level 6.1 Unarmed Combat
 + Level 5.8 Shapeshifting


You had 7 spell levels left.
You didn't know any spells.
Your spell library contained the following spells:

 Spells                   Type           Power      Damage    Failure   Level
 Apportation              Tloc           0%         N/A       36%         1
 Necrotise                Necr           0%         1d4       36%         1
 Summon Small Mammal      Summ           0%         N/A       36%         1
 Cigotuvi's Dreadful Rot  Necr/Pois/Air  0%         N/A       50%         2
 Ignite Poison            Fire/Tmut/Pois 0%         N/A       75%         3
 Dispel Undead            Necr           0%         3d6       98%         4
 Sticky Flame             Conj/Fire      0%         2d3       98%         4
 Conjure Ball Lightning   Conj/Air       0%         3x3d6     100%        6
 Death Channel            Necr           0%         N/A       100%        6
 Discord                  Hex            0%         N/A       100%        8
 Disjunction              Tloc           0%         N/A       100%        8
 Ignition                 Fire           0%         3d3       100%        8


Dungeon Overview and Level Annotations

Branches:
Dungeon (6/15)             Temple (1/1) D:5           Sewer (visited)

Altars:
Ashenzari
Cheibriados
Fedhas
Makhleb
Nemelex Xobeh
Okawaru
Sif Muna
Trog
Uskayaw
Vehumet
Wu Jian
Xom
Yredelemnul

Shops:
D:2 (   D:4 *

Annotations:
D:5 1 runed translucent door, Crazy Yiuf


Innate Abilities, Weirdness & Mutations

You are a hulking beast.
Your limbs bulge with bestial killing power. (Slay +4)
Your natural rate of healing is accelerated.
You have razor-sharp teeth.
You have supernaturally acute eyesight. (SInv)
You are afflicted with vampirism and can become a bat while bloodless.


Message History

An adder is nearby!
An adder is nearby!
You see here a wand of flame (11).
The adder hisses angrily.
You closely miss the adder. The adder barely misses you.
You punch the adder!
You kill the adder!
No target in view!
No target in view!
No target in view!
No target in view!
No target in view!
w - a wand of flame (11)
A centaur comes into view.
The centaur shouts!
The centaur wields a +0 orcbow.
The centaur shoots an arrow.
The arrow hits you!
The centaur shoots an arrow.
The arrow hits you!
A centaur is nearby!
A centaur is nearby!
The centaur shoots an arrow.
The arrow closely misses you.
The centaur shoots an arrow.
The arrow closely misses you.
The centaur shoots an arrow.
The arrow hits you!
The centaur shoots an arrow.
The arrow hits you!
You are too injured to fight recklessly!
You are too injured to fight recklessly!
You are too injured to fight recklessly!
You are too injured to fight recklessly!
You are too injured to fight recklessly!
You are too injured to fight recklessly!
You are too injured to fight recklessly!
You are too injured to fight recklessly!
The centaur shoots an arrow.
The arrow barely misses you.
The centaur shoots an arrow.
The arrow hits you!
* * * LOW HITPOINT WARNING * * *
The centaur unwields a +0 orcbow.
The centaur hits you.
* * * LOW HITPOINT WARNING * * *
The centaur misses you.
You closely miss the centaur. The centaur hits you.
You die...
Your body disappears without a glow.

#### ######### #..
........#
#.##########.#####
#.#..............#
......######.###.#
......######.# #.#
...........#.# #.#
......>###.#.# #.#
.......# #.# #h#
.......# #.# #c#
....)..# #.# #.#
......... #.#
#......... #.#
###....... ..# ###
###


You could see a centaur.

Vanquished Creatures
  An orc warrior (D:5)
  A centaur (D:3)
  A kobold brigand (Sewer)
  2 scorpions
  A howler monkey (D:4)
  A hound (D:4)
  3 orc priests
  A sleepcap (D:4)
  Natasha (thrice) (D:2)
  3 orc wizards
  Robin (D:1)
  3 adders
  7 gnolls
  3 river rats
  2 white imps
  3 dart slugs
  14 orcs
  4 ball pythons
  5 endoplasms
  4 giant cockroaches
  18 goblins
  5 hobgoblins
  19 jackals
  13 kobolds
  3 quokkas
  8 bats
  3 frilled lizards (D:2)
  19 rats
151 creatures vanquished.

Notes
Turn   | Place    | Note
-------+----------+-------------------------------------------
     0 | D:1      | cforsyth the Vampire Shapeshifter began the quest for the
                  | Orb.
     0 | D:1      | Reached XP level 1. HP: 16/16 MP: 1/1
    79 | D:1      | Reached XP level 2. HP: 22/22 MP: 2/2
   762 | D:2      | Noticed Natasha
   770 | D:2      | Killed Natasha
   771 | D:2      | Reached skill level 3 in Unarmed Combat
   771 | D:2      | Gained mutation: You are afflicted with vampirism and can
                  | become a bat while bloodless. [Vampire growth]
   771 | D:2      | Reached XP level 3. HP: 10/28 MP: 3/3
   946 | D:2      | Reached XP level 4. HP: 34/34 MP: 4/4
   958 | D:2      | Found Napefig's Antique Weapon Shop.
  1108 | D:2      | Noticed Robin
  1149 | D:1      | Killed Robin
  1469 | D:2      | Reached XP level 5. HP: 41/41 MP: 5/5
  1656 | D:2      | Noticed Natasha
  1666 | D:2      | Killed Natasha
  1787 | D:2      | Noticed Natasha
  1792 | D:2      | Killed Natasha
  1793 | D:2      | Reached skill level 4 in Unarmed Combat
  1862 | D:3      | Noticed a centaur
  1891 | D:3      | Killed a centaur
  1892 | D:3      | Reached XP level 6. HP: 21/48 MP: 6/6
  2332 | D:3      | Found a bloodstained altar of Trog.
  2334 | D:3      | Found an ornate altar of the Wu Jian Council.
  2440 | D:4      | Found a shimmering blue altar of Sif Muna.
  2440 | D:4      | Found a radiant altar of Vehumet.
  2480 | D:4      | Found Noodwur's General Store.
  2603 | D:4      | Found a basalt altar of Yredelemnul.
  2864 | D:4      | Reached skill level 5 in Shapeshifting
  2894 | D:4      | Reached skill level 5 in Unarmed Combat
  3017 | D:4      | Reached XP level 7. HP: 31/54 MP: 7/7
  3568 | D:5      | Entered Level 5 of the Dungeon
  3638 | D:5      | Found a runed translucent door.
  3639 | D:5      | Noticed Crazy Yiuf
  3820 | D:5      | Found a staircase to the Ecumenical Temple.
  3888 | D:5      | Reached skill level 5 in Fighting
  3919 | D:5      | Found a glowing drain.
  3927 | Sewer    | Entered a sewer
  3980 | Sewer    | Reached skill level 6 in Unarmed Combat
  4316 | Temple   | Entered the Ecumenical Temple
  4349 | Temple   | Became a worshipper of Nemelex Xobeh the Trickster
  5136 | D:6      | Reached XP level 8. HP: 62/62 MP: 8/8
  5230 | D:6      | Slain by a centaur

Illustrated notes

Levels and vault maps discovered:
D:1:      onia_arrival_handbag, layout_loops_ring, minmay_pentomino_o2
D:2:      minmay_wonky_spiral, layout_basic, serial_shops,
          nicolae_shop_tiny_glass, grunt_decor_fettered, nicolae_grassy_gnolls,
          uniq_robin, uniq_natasha
D:3:      layout_rooms, mainiacjoe_overflow_divided_tiny
D:4:      lemuel_castle_with_subvaults [lemuel_castle_interior_carwin_1],
          layout_basic, yredelemnul_altar_generic,
          gammafunk_temple_overflow_wave, serial_shops, nicolae_shop_trees
D:5:      layout_layer_cave, temple_fountains, portal_sewer_entry_e,
          skrybe_limestone_x, uniq_crazy_yiuf_cottage
D:6:      layout_basic
Temple:   cyrus_temple_forest

Skill      XL: |  1  2  3  4  5  6  7 |
---------------+----------------------+-----
Fighting       | 2 3 4 5 |  5.2
Unarmed Combat | 3 4 5 6 |  6.1
Shapeshifting  | 4 5 |  5.8
Dodging        | |  2.1

Action                     |  1- 3 |  4- 6 |  7- 9 || total
---------------------------+-------+-------+-------++-------
  Melee: Unarmed           |    77 |   238 |   127 ||   442
         Bite              |     9 |    19 |    13 ||    41
         Punch             |       |     6 |     3 ||     9
  Evoke: Wand              |       |       |     3 ||     3
    Use: Potion            |       |     2 |     3 ||     5
   Stab: Sleeping          |     2 |     1 |       ||     3
         Distracted        |       |     2 |       ||     2
         Paralysed         |       |       |     3 ||     3
 Armour: Animal skin       |    10 |    24 |    14 ||    48
         Skin              |       |   102 |       ||   102
  Dodge: Dodged            |    45 |   112 |    93 ||   250

Table legend: (Time is in decaauts)
 A = Elapsed time spent in this place.
 B = Non-inter-level travel time spent in this place.
 C = Inter-level travel time spent in this place.
 D = Time resting spent in this place.
 E = Time spent auto-exploring this place.
 F = Levels seen in this place.
 G = Mean time per level.
                   A        B        C        D        E       F      G
               +--------+--------+--------+--------+--------+-----+--------+
         Total |   5231 |   5033 |    198 |    382 |   3367 |   8 |  653.9 |
       Dungeon |   4944 |   4770 |    174 |    382 |   3187 |   6 |  824.0 |
        Temple |     56 |     33 |     23 |      0 |      1 |   1 |   56.0 |
         Sewer |    230 |    230 |      0 |      0 |    178 |   1 |  230.0 |
               +--------+--------+--------+--------+--------+-----+--------+

Top non-repeatable levels by time:
     D:5: 1272 daAuts
     D:4: 1148 daAuts
     D:2: 945 daAuts
     D:1: 884 daAuts
     D:3: 576 daAuts
   Sewer: 230 daAuts
     D:6: 117 daAuts
  Temple: 56 daAuts
